 Dungeon Crawl Stone Soup version 0.28-a0-1213-g0243856f03 (webtiles) character file.

Game seed: 3974003803662608124

3863 siradein the Arsonist (level 9, 0/55 (62) HPs)
             Began as a Red Draconian Fire Elementalist on Dec 21, 2021.
             Was a Follower of Makhleb.
             Slain by Joseph (15 damage)
             ... on level 7 of the Dungeon.
             The game lasted 01:15:43 (8453 turns).

siradein the Arsonist (DrFE)                        Turns: 8453, Time: 01:15:44

HP:   0/55 (62)     AC:  8    Str: 12    XL:     9   Next: 99%
MP:   14/27         EV: 14    Int: 19    God:    Makhleb [*.....]
Gold: 238           SH:  0    Dex: 14    Spells: 7/20 levels left

rFire   + . .      SeeInvis .   D - +6 bardiche of Death {vorpal, Dex+3}
rCold   . . .      Faith    .   (shield currently unavailable)
rNeg    . . .      Spirit   .   (armour unavailable)
rPois   .          Reflect  .   (helmet restricted)
rElec   .          Harm     .   w - +0 cloak
rCorr   .          Rampage  .   (no gloves)
Will    .....                   (no boots)
Stlth   ++........              c - amulet of magic regeneration
HPRegen 0.18/turn               E - ring of magical power
MPRegen 0.60/turn               (no ring)

@: heavily drained
A: breathe fire, AC +7, unfitting armour, fire resistance 1, cold-blooded
a: Breathe Fire, Renounce Religion


You were on level 7 of the Dungeon.
You worshipped Makhleb.
Makhleb was aware of your devotion.
You visited 2 branches of the dungeon, and saw 8 of its levels.
You also visited: Bailey.

You collected 328 gold pieces.
You spent 90 gold pieces at shops.

Inventory:

Hand Weapons
 y - a +2 rapier of venom
 D - the +6 bardiche of Death (weapon) {vorpal, Dex+3}
   (You found it in a bailey)

   It inflicts extra damage upon your enemies.
   Dex:       It affects your dexterity (+3).
Missiles
 v - a throwing net
Armour
 w - a +0 cloak (worn)
Jewellery
 a - a ring of ice
 c - an amulet of magic regeneration (around neck)
 g - an amulet of faith
 o - an amulet of reflection
 E - a ring of magical power (left hand)
Wands
 n - a wand of acid (8)
 p - a wand of charming (10)
 q - a wand of flame (10)
 r - a wand of polymorph (8)
Scrolls
 e - a scroll of summoning {unknown}
 f - a scroll of brand weapon
 h - 3 scrolls of enchant armour
 i - 2 scrolls of vulnerability
 k - 2 scrolls of teleportation {unknown}
 m - a scroll of fear {unknown}
 s - a scroll of holy word {unknown}
 t - a scroll of immolation {unknown}
 u - 2 scrolls of fog {unknown}
 C - 3 scrolls of enchant weapon
Potions
 b - a potion of berserk rage {unknown}
 d - 2 potions of might {unknown}
 j - 3 potions of lignification
 l - a potion of resistance {unknown}
 x - a potion of degeneration {unknown}
 z - a potion of haste {unknown}
 A - 2 potions of curing
 B - a potion of magic {unknown}


   Skills:
 + Level 5.9 Dodging
 - Level 2.2 Stealth
 + Level 6.0 Spellcasting
 + Level 6.2 Conjurations
 + Level 4.9 Hexes
 + Level 8.3 Fire Magic
 + Level 4.4 Invocations


You had 7 spell levels left.
You knew the following spells:

 Your Spells              Type           Power      Damage    Failure   Level
a - Foxfire               Conj/Fire      100%       2x1d9     1%          1
b - Scorch                Fire           74%        2d9       1%          2
c - Conjure Flame         Conj/Fire      33%        6-21      1%          3
d - Inner Flame           Hex/Fire       31%        N/A       2%          3
e - Flame Wave            Conj/Fire      33%        2d7       5%          4

Your spell library contained the following spells:

 Spells                   Type           Power      Damage    Failure   Level
 Portal Projectile        Hex/Tloc       30%        N/A       12%         3
 Sublimation of Blood     Necr           5%         N/A       17%         2
 Wereblood                Tmut           5%         N/A       17%         2
 Call Canine Familiar     Summ           5%         N/A       32%         3
 Gell's Gravitas          Tloc           5%         N/A       32%         3
 Teleport Other           Tloc           5%         N/A       32%         3
 Leda's Liquefaction      Hex/Erth       7%         N/A       36%         4
 Dispersal                Tloc           2%         N/A       100%        6
 Summon Hydra             Summ           2%         N/A       100%        7


Dungeon Overview and Level Annotations

Branches:
Dungeon (7/15)             Temple (1/1) D:5          Bailey (visited)

Altars:
Gozag
Makhleb
Nemelex Xobeh
The Shining One

Shops:
D:6 (   D:7 ??

Annotations:
D:7 Joseph, Pikel


Innate Abilities, Weirdness & Mutations

You can breathe blasts of fire.
Your fiery red scales are hard. (AC +7)
You cannot fit into any form of body armour.
Your flesh is heat resistant. (rF+)
You are cold-blooded and may be slowed by cold attacks.


Message History

Joseph is heavily wounded. (Press . to intensify the flame waves.)
You hear a shout!
A lemure comes into view.
Joseph misses you.
A wave of flame ripples out!
The flame wave engulfs Joseph!
Joseph is heavily wounded.
Joseph hits you but does no damage.
You feel drained.
A wave of flame ripples out!
The flame wave engulfs Joseph!
Joseph is severely wounded.
The flame wave engulfs the lemure!
The lemure is moderately wounded.
The flame wave engulfs the lemure.
The lemure is lightly wounded.
You finish channelling waves of flame.
Pikel, Merchant of Souls comes into view.
He is wielding a +0 whip of freezing.
Joseph misses you.
Casting: Flame Wave (dangerous; 5% risk of failure)
Confirm with . or Enter, or press ? or * to list all spells.
Casting: Flame Wave (dangerous; 5% risk of failure)
Press: ? - help, Dir - look around, f - activate A wave of flame ripples out!
The flame wave engulfs Joseph!
Joseph is almost dead.
The flame wave engulfs the lemure.
The lemure is heavily wounded. (Press . to intensify the flame waves.)
The lemure hits you.
* * * LOW HITPOINT WARNING * * *
Joseph hits you but does no damage.
You feel drained.
A wave of flame ripples out!
The flame wave engulfs Joseph.
Joseph is almost dead.
The flame wave engulfs the lemure.
The lemure is heavily wounded.
The flame wave engulfs the lemure.
The lemure is lightly wounded.
A lemure comes into view.
Pikel says, "Don't tell anyone, but I think Ereshkigal likes me."
The lemure hits you but does no damage.
Joseph hits you with a +0 quarterstaff of draining!
You die...

#####..#########.###...# #######
.....§## #.# #.>.# ##.....#
.###### #.# #(..###.......
.>...#*** #.# #.∩.#.........
####....########.# #...##..<.....
###***#..........########........
....#***########......@..........
###..,,,*#######@####............
..#****,,.......@## #####........
#<#******####...55#*** ##.......
#....#******#....5...#***##.....#
####.....,,*#....#.#.....*#######
**####*,*######K#*###.**
*,,******.#***,∩,****
**,,,,,,,.5,,,,*,,,,****
********..,,,,,***,,,,, *###,,,,*
******


You could see Joseph, Pikel and 4 lemures.

Vanquished Creatures
  An orc knight (Bailey)
  Eustachio (D:6)
  A water moccasin (D:5)
  An ice beast (D:6)
  13 orc warriors
  3 ogres
  The ghost of AigisTheKnight the Gusty, an amateur DrAE (D:3)
  A centaur (D:4)
  The ghost of bande the Covered, an amateur GrFi (D:4)
  A phantom (D:5)
  A kobold brigand (D:5)
  A bullfrog (D:4)
  A wyvern zombie (D:7)
  3 scorpions
  A water moccasin zombie (D:5)
  5 wights (D:7)
  The ghost of ducksouse the Ducker, a weakling DsGl (D:3)
  A howler monkey (D:7)
  The ghost of coolguy420 the Conjurer, a weakling DECj (D:3)
  A bullfrog zombie (D:5)
  A bullfrog skeleton (D:5)
  A centaur zombie (D:7)
  A hound (D:5)
  Crazy Yiuf (D:3)
  5 iguanas
  2 orc wizards
  A hound skeleton (D:4)
  3 gnolls (D:2)
  7 adders
  2 white imps
  An adder zombie (D:5)
  A worm (D:2)
  2 dart slugs
  27 orcs
  8 ball pythons
  6 endoplasms
  4 giant cockroaches
  13 goblins
  9 hobgoblins
  6 jackals
  11 kobolds
  4 quokkas
  6 bats
  5 rats (D:1)
167 creatures vanquished.

Vanquished Creatures (collateral kills)
  A foxfire (D:2)
1 creature vanquished.

Vanquished Creatures (others)
  331 foxfires
331 creatures vanquished.

Grand Total: 499 creatures vanquished

Notes
Turn   | Place    | Note
-------+----------+-------------------------------------------
     0 | D:1      | siradein the Draconian Fire Elementalist began the quest
                  | for the Orb.
     0 | D:1      | Reached XP level 1. HP: 14/14 MP: 3/3
   160 | D:1      | Reached XP level 2. HP: 13/20 MP: 3/5
   295 | D:1      | Learned a level 2 spell: Scorch
   675 | D:1      | Reached XP level 3. HP: 26/26 MP: 6/6
   679 | D:1      | Learned a level 3 spell: Conjure Flame
  1444 | D:2      | Reached XP level 4. HP: 33/33 MP: 4/7
  2070 | D:3      | Found a faded altar of an unknown god.
  2327 | D:3      | Found a runed translucent gate.
  2327 | D:3      | Noticed coolguy420's ghost (weakling DECj)
  2328 | D:3      | Found a runed translucent gate.
  2329 | D:3      | Found a runed translucent gate.
  2329 | D:3      | Noticed AigisTheKnight's ghost (amateur DrAE)
  2329 | D:3      | Noticed bande's ghost (amateur GrFi)
  2329 | D:3      | Noticed ducksouse's ghost (weakling DsGl)
  2435 | D:3      | Found a runed translucent door.
  2436 | D:3      | Noticed Crazy Yiuf
  2918 | D:4      | Noticed a bullfrog
  2926 | D:4      | Killed a bullfrog
  2927 | D:4      | Reached XP level 5. HP: 38/38 MP: 3/9
  2931 | D:4      | Learned a level 3 spell: Inner Flame
  2973 | D:4      | Reached skill level 4 in Fire Magic
  3031 | D:4      | Noticed a centaur
  3034 | D:4      | Killed a centaur
  3035 | D:4      | Reached XP level 6. HP: 45/45 MP: 4/10
  3420 | D:4      | Reached skill level 1 in Hexes
  3675 | D:5      | Entered Level 5 of the Dungeon
  3677 | D:5      | Noticed a water moccasin
  3681 | D:5      | Killed a water moccasin
  3682 | D:5      | Your scales start taking on a fiery red colour.
  3682 | D:5      | Reached skill level 5 in Fire Magic
  3682 | D:5      | Reached XP level 7. HP: 48/50 MP: 5/12
  3682 | D:5      | Gained mutation: Your flesh is heat resistant. (rF+) [Red
                  | Draconian growth]
  3702 | D:4      | Learned a level 4 spell: Flame Wave
  3827 | D:3      | Killed coolguy420's ghost
  4146 | D:4      | Killed bande's ghost
  4208 | D:3      | Killed AigisTheKnight's ghost
  4236 | D:3      | Killed ducksouse's ghost
  4408 | D:3      | Killed Crazy Yiuf
  4409 | D:3      | Reached skill level 6 in Fire Magic
  4646 | D:5      | Reached XP level 8. HP: 57/57 MP: 10/14
  4715 | D:5      | Found a staircase to the Ecumenical Temple.
  4726 | Temple   | Entered the Ecumenical Temple
  4784 | Temple   | Became a worshipper of Makhleb the Destroyer
  4886 | D:5      | Identified the +9 war axe of the King {holy, Str-3 Dex+5}
  5520 | D:5      | Reached skill level 1 in Invocations
  5714 | D:6      | Noticed Eustachio
  5751 | D:6      | Killed Eustachio
  5892 | D:6      | Found Engumeg's Weapon Emporium.
  6022 | D:6      | Reached skill level 7 in Fire Magic
  6208 | D:6      | Reached skill level 5 in Conjurations
  6284 | D:7      | Found Mino's Magic Scroll Shop.
  6289 | D:7      | Bought a scroll of identify for 30 gold pieces
  6289 | D:7      | Bought a scroll of identify for 30 gold pieces
  6289 | D:7      | Bought a scroll of identify for 30 gold pieces
  6306 | D:7      | Reached skill level 5 in Spellcasting
  6348 | D:7      | Reached skill level 5 in Dodging
  6382 | D:7      | Reached XP level 9. HP: 62/62 MP: 13/16
  6393 | D:7      | Found Wynoef's Magic Scroll Boutique.
  6445 | D:7      | Reached * piety under Makhleb
  6497 | D:7      | Found a flagged portal.
  6503 | Bailey   | Entered a bailey
  7843 | Bailey   | Noticed an orc knight
  7888 | Bailey   | Killed an orc knight
  7889 | Bailey   | Reached skill level 8 in Fire Magic
  8105 | Bailey   | Identified the +6 bardiche of Death {vorpal, Dex+3}
  8434 | D:7      | Noticed Joseph
  8451 | D:7      | Noticed Pikel
  8453 | D:7      | Slain by Joseph

Illustrated notes

Levels and vault maps discovered:
D:1:      moated_graveyard_arrival, layout_basic
D:2:      layout_loops_ring, serial_forest, infiniplex_forest_join,
          infiniplex_forest_straight_5, infiniplex_forest_split,
          infiniplex_forest_lined_4_way, infiniplex_forest_straight_2,
          infiniplex_forest_lined_room_2, infiniplex_forest_lined_1
D:3:      layout_loops_ring, dreamdust_ecumenical_altar_angels_and_demons,
          gammafunk_ghost_cemetery, uniq_crazy_yiuf_cottage
D:4:      layout_loops_corners
D:5:      layout_loops_cross, temple_green
D:6:      layout_basic, serial_shops, shop, uniq_eustachio
D:7:      layout_rooms, enter_bailey_3, serial_shops, nicolae_shop_hallway_plus,
          nicolae_take_the_stairs, shop, shop, lemuel_flamethrower_2,
          uniq_pikel, uniq_joseph
Temple:   mainiacjoe_temple_big_plus

Skill      XL: |  1  2  3  4  5  6  7  8  9 |
---------------+----------------------------+-----
Stealth        | 2 |  2.2
Dodging        | 2 3 4 5 |  5.9
Conjurations   | 2 3 4 5 6 |  6.2
Spellcasting   | 3 4 5 6 |  6.0
Fire Magic     | 4 5 6 7 8 |  8.3
Hexes          | 1 2 3 4 |  4.9
Invocations    | 2 4 |  4.4

Action                   |  1- 3 |  4- 6 |  7- 9 || total
-------------------------+-------+-------+-------++-------
Melee: Unarmed           |     5 |       |       ||     5
       Halberd           |       |     2 |       ||     2
       Rapier            |       |       |     8 ||     8
       Tailslap          |       |       |     1 ||     1
 Cast: Foxfire           |    60 |    37 |   104 ||   201
       Scorch            |    14 |    24 |    46 ||    84
       Inner Flame       |       |     1 |    33 ||    34
       Conjure Flame     |       |       |    11 ||    11
       Flame Wave        |       |       |     9 ||     9
 Abil: Breathe Fire      |       |       |    33 ||    33
  Use: Scroll            |       |     3 |     5 ||     8
       Potion            |       |       |     1 ||     1
 Stab: Sleeping          |       |       |     1 ||     1
Armor: Skin              |     5 |     6 |    62 ||    73
Dodge: Dodged            |    12 |     7 |    99 ||   118

Table legend: (Time is in decaauts)
 A = Elapsed time spent in this place.
 B = Non-inter-level travel time spent in this place.
 C = Inter-level travel time spent in this place.
 D = Time resting spent in this place.
 E = Time spent auto-exploring this place.
 F = Levels seen in this place.
 G = Mean time per level.
                   A        B        C        D        E       F      G
               +--------+--------+--------+--------+--------+-----+--------+
         Total |   8464 |   8110 |    354 |    856 |   5270 |   9 |  940.4 |
       Dungeon |   6693 |   6366 |    327 |    366 |   4584 |   7 |  956.1 |
        Temple |     97 |     70 |     27 |      0 |     50 |   1 |   97.0 |
        Bailey |   1673 |   1673 |      0 |    490 |    636 |   1 | 1673.0 |
               +--------+--------+--------+--------+--------+-----+--------+

Top non-repeatable levels by time:
  Bailey: 1673 daAuts
     D:5: 1302 daAuts
     D:4: 1267 daAuts
     D:3: 1113 daAuts
     D:1: 1050 daAuts
     D:2: 858 daAuts
     D:6: 594 daAuts
     D:7: 508 daAuts
  Temple: 97 daAuts
